Map: Acid Plant LE

Players

Lambo

  • Race: Zerg Zerg
  • League: Master
  • Spawn Location: 11:00

Clem - Winner!

  • Race: Terran Terran
  • League: Grandmaster
  • Spawn Location: 5:00

Event: HomeStory Cup XVII

VOD

Have the link to the VOD?

Description

Time

  • Played on: June 28, 2018, 6:45 a.m.
  • Length: 27:02

All games in this series

Show
View Real Time Build Order
Export as new Build Order

Lambo Zerg 

Build Orders: Hatch First, Brood Lord Corruptor 

Get SALT Encoding   

  12  0:00  Drone  
  13  0:13  Overlord  
  13  0:17  Drone  
  14  0:31  Drone x2  
  16  0:48  Hatchery  
  15  0:52  Drone  
  15  0:55  Drone  
  17  1:14  Spawning Pool  
  16  1:18  Drone  
  16  1:23  Drone  
  16  1:24  Drone  
  19  2:04  Zergling x8  
  19  2:05  Queen  
  19  2:06  Spine Crawler  
  19  2:08  Queen  
  26  2:13  Zergling x2  
  27  2:17  Zergling x2  
  28  2:33  Zergling x4  
  28  2:41  Overlord  
  29  2:58  Overlord  
  29  3:00  Drone x4  
  29  3:05  Drone  
  34  3:09  Extractor  
  33  3:14  Drone x3  
  33  3:18  Drone  
  37  3:20  Drone  
  37  3:26  Hatchery  
  37  3:29  Drone  
  38  3:34  Overlord  
  38  3:35  Drone  
  38  3:37  Drone  
  38  3:40  Drone  
  41  3:43  Drone  
  42  3:50  Drone  
  42  3:54  Queen  
  42  3:55  Drone x2  
  47  3:59  Drone x2  
  49  4:03  Overlord  
  49  4:05  Drone  
  49  4:08  Drone  
  51  4:16  Drone  
  52  4:20  Queen  
  52  4:22  Overlord  
  52  4:23  Drone  
  55  4:25  Drone x2  
  55  4:26  Drone  
  55  4:29  Queen  
  60  4:33  Metabolic Boost  
  60  4:38  Overlord  
  60  4:40  Drone x2  
  62  4:46  Queen  
  62  4:47  Drone x2  
  62  4:49  Drone  
  67  4:54  Drone x3  
  67  4:57  Overlord  
  67  4:58  Extractor x2  
  68  5:00  Lair  
  68  5:05  Drone x3  
  71  5:07  Drone x2  
  71  5:11  Overlord, Drone  
  74  5:14  Drone  
  74  5:18  Overlord  
  74  5:19  Drone  
  76  5:23  Baneling Nest  
  76  5:24  Drone x2  
  76  5:27  Overlord  
  76  5:28  Drone x2  
  79  5:32  Spore Crawler, Evolution Chamber  
  79  5:34  Spore Crawler, Evolution Chamber  
  79  5:35  Drone  
  76  5:38  Drone x2  
  76  5:40  Drone x2  
  79  5:44  Spore Crawler, Drone  
  79  5:45  Drone  
  79  5:47  Drone  
  81  5:52  Drone  
  81  5:53  Drone x2  
  81  5:57  Extractor  
  83  5:58  Extractor  
  83  6:00  Extractor  
  83  6:01  Overseer  
  83  6:03  Zerg Melee Weapons Level 1, Zerg Ground Armor Level 1  
  81  6:04  Drone x4  
  81  6:07  Drone  
  81  6:08  Drone  
  81  6:10  Drone x2  
  88  6:12  Drone x2  
  88  6:16  Drone x2  
  92  6:24  Drone x2  
  92  6:25  Drone  
  95  6:30  Overlord  
  95  6:31  Hydralisk Den, Zergling x14  
  101  6:39  Overlord  
  101  6:40  Zergling x4  
  101  6:44  Zergling x2  
  104  6:47  Baneling x5  
  104  6:48  Zergling x4  
  104  6:49  Overlord, Zergling x2  
  104  6:50  Overseer  
  104  6:51  Baneling x4  
  107  6:55  Hatchery  
  107  6:57  Zergling x4  
  107  6:58  Baneling x2  
  108  7:04  Baneling x2, Centrifical Hooks  
  108  7:07  Overlord  
  108  7:09  Zergling x10  
  111  7:17  Zergling x10  
  116  7:25  Drone x2, Grooved Spines  
  116  7:26  Drone x2  
  120  7:30  Overlord  
  120  7:33  Hydralisk x3  
  120  7:36  Drone x2  
  128  7:37  Infestation Pit  
  128  7:38  Hydralisk  
  129  7:47  Overlord  
  129  7:50  Overlord  
  129  7:54  Overlord  
  129  8:02  Zerg Ground Armor Level 2, Zerg Melee Weapons Level 2  
  128  8:07  Queen x2  
  128  8:09  Drone x3  
  128  8:11  Spore Crawler  
  128  8:12  Hydralisk x5  
  133  8:17  Hive  
  143  8:20  Hydralisk  
  140  8:27  Hydralisk  
  140  8:28  Zergling x16  
  145  8:36  Muscular Augments  
  145  8:39  Overlord  
  145  8:47  Zergling x20  
  155  8:53  Zergling x6  
  158  9:02  Hatchery  
  157  9:06  Extractor  
  157  9:07  Extractor, Drone x2  
  157  9:08  Spire  
  156  9:10  Baneling x9  
  156  9:11  Baneling, Zergling x2  
  156  9:12  Zergling x12  
  158  9:22  Hydralisk x4  
  158  9:23  Zergling x10  
  155  9:26  Hydralisk x2  
  155  9:27  Zergling x8  
  155  9:30  Adrenal Glands  
  162  9:34  Overlord  
  162  9:43  Baneling  
  162  9:44  Baneling x3  
  160  9:47  Viper x2  
  160  9:48  Overlord  
  166  9:55  Zergling x16  
  173  10:05  Zergling x18  
  175  10:22  Greater Spire  
  175  10:23  Zerg Ground Armor Level 3  
  175  10:24  Zerg Missile Weapons Level 1  
  169  10:37  Baneling x2  
  169  10:39  Overseer  
  169  10:44  Zergling x36  
  169  10:46  Baneling x10  
  169  10:47  Overlord  
  182  10:52  Overlord, Hydralisk  
  182  10:53  Zergling x18  
  192  11:00  Overlord, Drone x4  
  196  11:04  Baneling x3  
  196  11:11  Spine Crawler  
  196  11:12  Spore Crawler  
  196  11:13  Spore Crawler  
  193  11:19  Baneling x7  
  193  11:21  Corruptor x3  
  199  11:33  Overlord  
  191  11:41  Hydralisk, Zergling x24  
  191  11:46  Corruptor x2  
  191  11:47  Corruptor x3  
  178  11:49  Infestor x2  
  186  12:19  Extractor  
  180  12:23  Extractor  
  180  12:26  Brood Lord x6  
  180  12:27  Hatchery  
  190  12:33  Overseer  
  190  12:35  Brood Lord  
  192  12:37  Overseer  
  192  12:39  Overseer  
  192  12:44  Corruptor x2  
  186  12:53  Corruptor x2  
  186  12:56  Overseer  
  190  13:01  Zerg Flyer Weapons Level 1  
  190  13:03  Queen  
  190  13:04  Queen  
  194  13:10  Drone x3  
  194  13:11  Drone x3  
  193  13:47  Corruptor x2  
  193  13:48  Corruptor  
  199  13:55  Brood Lord x2  
  199  14:06  Brood Lord x2  
  196  14:13  Infestor  
  196  14:16  Zergling x16  
  191  14:26  Brood Lord x2  
  191  14:27  Brood Lord  
  191  14:29  Corruptor  
  199  14:38  Pneumatized Carapace  
  195  14:48  Corruptor x4  
  198  14:59  Corruptor x3  
  190  15:00  Corruptor  
  190  15:03  Zergling x2  
  199  15:08  Extractor  
  198  15:20  Infestor x2  
  193  15:35  Infestor  
  193  15:39  Overlord x2, Zerg Flyer Weapons Level 2  
  194  15:46  Overlord  
  194  15:52  Overseer  
  194  16:02  Brood Lord x3  
  199  16:13  Brood Lord  
  199  16:14  Brood Lord  
  195  16:20  Brood Lord x2  
  195  16:21  Brood Lord, Corruptor x7  
  195  16:25  Overseer x2  
  199  16:36  Overseer  
  199  16:37  Overseer  
  199  16:38  Overseer x5  
  199  16:44  Hatchery  
  199  16:45  Extractor  
  199  16:46  Extractor  
  199  16:47  Corruptor x4  
  200  16:56  Unknown  
  200  16:59  Infestor x2  
  195  17:12  Infestor x2  
  199  17:21  Infestor x2  
  193  17:23  Zergling x18  
  193  17:28  Overlord x2  
  197  17:36  Overlord x2  
  197  17:37  Overlord x3  
  171  17:38  Overlord x2  
  171  17:40  Overlord  
  171  17:42  Overlord  
  147  17:45  Queen x3  
  147  17:47  Overlord  
  147  17:49  Corruptor  
  147  17:50  Corruptor x6  
  148  17:51  Zergling x14, Queen  
  148  17:54  Queen x2  
  148  17:56  Baneling x13  
  158  17:59  Corruptor x3  
  158  18:01  Zergling x6  
  158  18:02  Zergling x6  
  166  18:09  Zergling x6  
  166  18:10  Zerg Missile Weapons Level 2  
  166  18:11  Zerg Melee Weapons Level 3  
  169  18:13  Drone x3  
  169  18:14  Drone x2  
  169  18:18  Overseer x2  
  174  18:20  Extractor  
  174  18:21  Hatchery, Zergling x8  
  174  18:23  Extractor  
  174  18:26  Baneling x7, Overseer  
  175  18:29  Burrow  
  175  18:30  Zergling x18  
  183  18:34  Zergling x4  
  184  18:41  Zergling x10  
  189  18:49  Zergling x10  
  189  18:52  Zerg Flyer Weapons Level 3  
  175  19:13  Corruptor  
  164  19:28  Baneling x8  
  164  19:29  Overseer x2  
  163  19:34  Brood Lord x9  
  163  19:36  Overseer  
  181  19:41  Drone x4  
  181  19:44  Drone x2  
  189  19:53  Brood Lord x2  
  189  19:55  Zergling x6  
  189  19:56  Zergling x8  
  192  20:48  Corruptor x3  
  194  20:54  Zergling x10  
  199  21:01  Zergling x24  
  190  21:06  Zergling x24  
  191  21:11  Corruptor x2  
  191  21:12  Corruptor x3  
  191  21:16  Zergling x12  
  191  21:17  Zergling x10  
  183  21:27  Brood Lord  
  183  21:28  Brood Lord  
  183  21:32  Baneling x8  
  187  21:37  Drone x3  
  187  21:39  Overseer  
  192  21:47  Brood Lord x2  
  192  21:50  Overseer  
  192  21:51  Overseer x2  
  194  21:54  Brood Lord  
  194  21:57  Baneling x3  
  194  21:58  Baneling  
  194  22:01  Infestor  
  196  22:06  Brood Lord  
  199  22:28  Baneling x9  
  199  22:50  Brood Lord x4  
  169  23:09  Zergling x26  
  169  23:10  Corruptor x2  
  169  23:11  Corruptor x3  
  175  23:15  Zergling x24  
  175  23:18  Overlord  
  159  23:31  Infestor x3  
  157  23:40  Infestor x3  
  157  23:41  Infestor x2  
  161  23:42  Overlord  
  161  23:48  Overlord  
  151  23:49  Viper x2  
  151  23:50  Viper  
  151  23:54  Zergling x18  
  151  23:55  Baneling x16, Overlord  
  167  24:01  Overseer  
  167  24:02  Zergling x16  
  171  24:03  Baneling  
  171  24:11  Zergling x6  
  171  24:12  Zergling x2  
  171  24:13  Baneling  
  171  24:15  Viper  
  178  24:20  Pathogen Glands  
  176  24:26  Overlord  
  176  24:27  Hydralisk x4  
  183  24:41  Hydralisk x5  
  184  24:55  Overlord x2  
  184  25:02  Hatchery  
  184  25:04  Baneling x9  
  183  25:21  Infestor x2  
  182  25:24  Overlord  
  182  25:27  Infestor x2  
  182  25:28  Infestor x4  
  182  25:29  Hydralisk  
  182  25:33  Overlord x4  
  180  25:41  Overlord  
  172  25:56  Hydralisk x14  
  144  26:04  Hydralisk x4  
  144  26:08  Hydralisk x2  
  144  26:09  Zergling x2  
  135  26:16  Zergling x2  
  135  26:17  Zergling x8  
  140  26:20  Viper  
  143  26:25  Zergling x2  
  143  26:26  Zergling x6  
  143  26:32  Zergling x10  
  140  26:36  Baneling x2  
  140  26:38  Zergling x4  
  137  26:44  Zergling x2  
  137  26:45  Zergling x6  
Show
View Real Time Build Order
Export as new Build Order

Clem Terran - Winner!

Build Orders: Bio Tank 

Get SALT Encoding   

  12  0:01  SCV  
  13  0:13  SCV  
  14  0:18  Supply Depot  
  14  0:25  SCV  
  15  0:42  Barracks  
  15  0:56  Barracks  
  15  1:09  Barracks  
  15  1:10  SCV  
  16  1:22  SCV  
  17  1:30  Marine  
  17  1:34  Orbital Command  
  17  1:39  Refinery  
  16  1:48  Marine  
  17  2:01  SCV  
  17  2:06  Marine x2  
  17  2:08  Supply Depot  
  20  2:14  SCV  
  20  2:15  Bunker  
  21  2:24  Marine x2  
  21  2:29  SCV  
  23  2:40  Refinery  
  23  2:41  SCV  
  23  2:45  Factory  
  21  2:54  SCV  
  19  3:04  Command Center  
  19  3:06  SCV  
  20  3:18  SCV  
  21  3:29  Hellion  
  21  3:30  Starport, SCV  
  24  3:42  SCV  
  24  3:46  Supply Depot  
  25  3:56  SCV, Hellion  
  28  4:06  Barracks Tech Lab  
  28  4:10  Starport Tech Lab, Barracks Reactor  
  28  4:13  SCV  
  29  4:18  Orbital Command  
  29  4:23  Hellion  
  31  4:24  Liberator  
  31  4:28  Stimpack  
  31  4:30  SCV  
  32  4:38  Orbital Command  
  36  4:45  SCV  
  36  4:49  Factory Reactor  
  36  4:50  Marine  
  36  4:52  Marine  
  38  4:55  Marine  
  38  4:59  SCV  
  40  5:06  SCV  
  41  5:09  Marine x2  
  41  5:12  SCV  
  41  5:13  Supply Depot, Marine  
  45  5:18  SCV  
  46  5:25  SCV  
  46  5:27  Marine x2  
  49  5:30  SCV  
  49  5:31  Marine  
  51  5:37  SCV  
  51  5:40  Medivac x2  
  54  5:45  Supply Depot, Marine x2  
  54  5:49  Marine  
  57  5:51  SCV x2  
  57  5:55  Engineering Bay  
  59  5:59  Engineering Bay  
  59  6:03  SCV, Marine  
  61  6:06  Siege Tank, Marine  
  61  6:07  SCV  
  66  6:14  Refinery, Supply Depot  
  66  6:15  SCV  
  67  6:19  SCV  
  68  6:28  Command Center  
  68  6:31  SCV  
  69  6:38  Terran Infantry Weapons Level 1, Terran Infantry Armor Level 1  
  69  6:39  Marine  
  69  6:40  Marine x2  
  69  6:44  Supply Depot, SCV  
  69  6:47  Refinery, SCV  
  74  6:49  Supply Depot  
  74  6:52  Medivac  
  76  6:56  Medivac  
  78  7:03  Supply Depot  
  78  7:06  Siege Tank  
  81  7:09  SCV x2  
  81  7:10  Supply Depot  
  81  7:13  Marine x2  
  81  7:14  Marine  
  86  7:17  Combat Shield  
  82  7:25  Barracks  
  82  7:30  SCV x2, Barracks  
  82  7:36  Medivac x2  
  88  7:41  Orbital Command  
  88  7:42  Marine  
  88  7:43  Marine  
  90  7:45  Marine  
  90  7:47  SCV  
  92  7:51  Supply Depot  
  92  7:52  SCV  
  93  7:58  Siege Tank  
  93  7:59  SCV  
  93  8:03  Marine x2  
  93  8:04  SCV  
  98  8:11  SCV, Marine  
  101  8:16  SCV  
  101  8:19  Orbital Command  
  101  8:20  Supply Depot, Barracks Reactor x2  
  101  8:21  Marine  
  101  8:23  SCV  
  100  8:28  SCV  
  100  8:32  Siege Tank  
  102  8:35  SCV  
  102  8:40  SCV  
  104  8:42  Bunker  
  104  8:44  Supply Depot, Marine x3  
  104  8:47  SCV  
  104  8:48  SCV  
  109  8:53  SCV  
  109  8:55  Armory  
  110  8:57  Marine x3  
  110  8:59  SCV  
  110  9:00  SCV  
  110  9:01  Marine  
  116  9:05  SCV  
  116  9:06  Factory  
  116  9:07  Marine  
  116  9:08  Refinery x2  
  118  9:11  SCV  
  118  9:12  SCV  
  118  9:16  Siege Tank  
  123  9:17  SCV  
  123  9:20  Marine  
  123  9:21  Marine  
  123  9:22  Marine  
  122  9:24  SCV x2  
  122  9:29  SCV, Marine x2  
  127  9:33  Marine x2  
  127  9:36  SCV  
  130  9:42  Command Center  
  130  9:44  Terran Infantry Weapons Level 2  
  127  9:47  Terran Infantry Armor Level 2  
  127  9:48  Siege Tank  
  127  9:50  Factory Tech Lab  
  130  9:54  Terran Vehicle Weapons Level 1  
  130  9:57  Marine  
  130  10:04  Marine x2  
  130  10:05  Marauder, Supply Depot x2  
  134  10:08  Marine x3  
  134  10:11  Barracks  
  122  10:14  SCV, Marine  
  122  10:15  SCV  
  122  10:19  Bunker  
  122  10:20  Siege Tank, Supply Depot  
  122  10:21  SCV  
  129  10:27  SCV x2  
  131  10:31  Siege Tank, Marine  
  131  10:32  Marine  
  130  10:36  Marine x3  
  130  10:37  SCV  
  130  10:39  SCV  
  135  10:43  Marine  
  135  10:47  Medivac x2  
  135  10:48  Marauder  
  135  10:49  Marine x2  
  143  10:52  Bunker  
  143  10:53  SCV x3, Marine  
  145  11:00  Barracks Reactor  
  145  11:05  Refinery, SCV x2  
  147  11:12  Ghost Academy, Barracks x2  
  147  11:13  Barracks  
  147  11:14  Marine  
  147  11:16  SCV  
  147  11:17  SCV  
  147  11:18  SCV  
  151  11:26  Planetary Fortress  
  151  11:28  SCV  
  151  11:29  SCV  
  151  11:32  Supply Depot  
  153  11:35  SCV, Marine  
  153  11:38  Siege Tank  
  153  11:40  SCV, Marine  
  153  11:41  Siege Tank  
  153  11:42  Marine  
  153  11:43  Marine  
  149  11:47  SCV  
  149  11:50  SCV  
  151  11:54  Marine x2  
  151  11:55  Marauder, Bunker, Marine  
  156  12:02  Terran Infantry Weapons Level 3  
  156  12:07  Terran Infantry Armor Level 3  
  153  12:10  Siege Tank  
  156  12:18  Marauder  
  156  12:20  Siege Tank  
  159  12:23  Barracks Tech Lab x2  
  159  12:24  Barracks Tech Lab  
  159  12:25  SCV x2  
  161  12:32  SCV x2  
  161  12:34  Command Center  
  161  12:35  Refinery  
  161  12:36  Refinery  
  163  12:38  Personal Cloaking  
  163  12:39  Ghost  
  163  12:42  Siege Tank  
  168  12:45  Ghost  
  168  12:48  Ghost  
  168  12:50  Ghost  
  170  13:04  Command Center  
  170  13:07  Ghost  
  172  13:14  Ghost  
  172  13:17  Ghost  
  172  13:21  Ghost  
  172  13:26  Supply Depot  
  172  13:27  Supply Depot  
  172  13:29  Thor  
  178  13:36  Ghost  
  175  13:42  Siege Tank  
  168  13:49  Ghost x2  
  168  13:53  Viking x2  
  168  13:54  Marine x7  
  168  13:55  Marine x2  
  183  14:02  Command Center  
  183  14:03  Nuke  
  183  14:04  SCV x2  
  183  14:07  SCV  
  179  14:16  SCV  
  176  14:18  Unknown x2  
  176  14:23  Ghost x4  
  184  14:27  Marine x5  
  184  14:28  Marine  
  184  14:29  SCV x2  
  192  14:37  Unknown x4  
  192  14:38  Viking  
  188  14:47  Viking  
  188  14:52  Ghost x2  
  186  15:02  Ghost x2  
  190  15:07  Orbital Command  
  190  15:10  Sensor Tower  
  190  15:12  Siege Tank, Supply Depot  
  190  15:13  Supply Depot, Marine  
  194  15:21  Ghost  
  194  15:28  Ghost  
  196  15:39  Supply Depot  
  196  15:41  Ghost x2  
  200  15:47  Nuke  
  200  16:01  Starport, Fusion Core  
  200  16:03  Starport  
  200  16:12  Liberator  
  200  16:14  Ghost  
  200  16:17  Refinery  
  194  16:23  Refinery, Ghost x2, Sensor Tower  
  194  16:25  Refinery  
  196  16:27  SCV  
  200  16:35  Missile Turret  
  200  16:36  Missile Turret  
  200  16:45  Ghost  
  200  16:46  Siege Tank  
  200  16:53  Viking  
  195  17:12  Ghost  
  195  17:13  Ghost  
  186  17:19  Siege Tank  
  156  17:30  Ghost x2  
  144  17:41  Ghost x2  
  144  17:42  Marine  
  138  17:48  Marine  
  138  17:50  Marine  
  138  17:51  SCV, Marine x2  
  139  17:52  SCV  
  139  17:55  SCV x2, Marine  
  144  17:59  Marine x2, Ghost x2  
  144  18:03  Marine  
  144  18:04  Command Center x2  
  144  18:05  SCV x2  
  153  18:06  Marine  
  153  18:08  Marine  
  153  18:09  Ghost  
  153  18:10  Ghost  
  159  18:13  SCV x2  
  159  18:14  Marine x3  
  159  18:17  Marine  
  165  18:20  Refinery  
  165  18:22  Refinery  
  165  18:23  Missile Turret  
  165  18:26  Marine  
  166  18:27  Ghost x2  
  166  18:31  SCV  
  166  18:32  SCV  
  172  18:38  Ghost  
  172  18:43  SCV  
  172  18:47  Siege Tank  
  176  18:51  Marine x4  
  176  18:54  Ghost  
  176  18:55  Marine  
  183  18:58  Starport Tech Lab  
  170  19:12  SCV  
  170  19:13  SCV x3  
  174  19:22  Siege Tank  
  175  19:25  SCV x2  
  175  19:30  Orbital Command  
  177  19:33  Planetary Fortress  
  177  19:41  Planetary Fortress  
  177  19:44  Medivac  
  179  19:47  Medivac  
  179  19:50  Medivac  
  183  20:04  Ghost Academy  
  183  20:05  Ghost Academy  
  183  20:07  Ghost  
  183  20:11  Marine  
  183  20:12  Starport, Marine x6  
  183  20:14  Marine, Medivac  
  193  20:20  Marine, Ghost x2  
  196  20:43  Medivac x2  
  196  20:49  Medivac  
  190  20:50  Ghost x2  
  179  21:02  Marine x2  
  148  21:04  Siege Tank  
  148  21:07  Ghost  
  146  21:15  Marine  
  146  21:16  Orbital Command, Marine x3  
  137  21:24  Unknown x3  
  135  21:26  Refinery  
  135  21:30  Ghost x2  
  139  21:35  SCV x4  
  139  21:37  SCV  
  139  21:39  Marine x2, Ghost  
  146  21:40  Marine x7  
  156  21:57  Marine x3  
  156  21:58  Ghost  
  160  22:01  Command Center  
  160  22:06  Viking  
  162  22:09  Viking  
  162  22:14  Viking  
  166  22:17  Ghost  
  166  22:20  Marine x2  
  170  22:30  Siege Tank  
  170  22:33  Siege Tank, Marine  
  170  22:34  Marine x2  
  179  22:50  SCV  
  179  22:51  SCV  
  175  22:52  SCV  
  175  22:54  SCV x2  
  175  22:58  Ghost  
  144  23:14  Ghost  
  144  23:18  Ghost  
  141  23:21  Refinery  
  141  23:22  Unknown  
  129  23:29  Viking  
  129  23:31  Marine x3  
  129  23:32  Marine x5  
  129  23:34  Marine x2  
  135  23:43  Marine  
  135  23:47  Marine  
  136  23:49  Marine x3  
  136  23:50  Refinery  
  136  23:52  Command Center  
  139  23:56  Ghost  
  139  23:59  Nuke  
  141  24:06  SCV x4  
  145  24:10  SCV x2  
  145  24:16  Marine x3  
  150  24:24  SCV  
  151  24:25  Ghost  
  153  24:36  Ghost x2  
  157  24:45  Ghost  
  153  24:47  Marine x4  
  156  24:57  Liberator  
  156  25:11  SCV x2  
  156  25:13  Nuke x2  
  158  25:15  Marine x2, Ghost  
  158  25:16  Marine x2  
  167  25:21  Marine x2  
  167  25:24  Marine  
  167  25:28  Marine x2  
  172  25:34  Planetary Fortress  
  172  25:40  Liberator  
  172  25:46  Ghost x2  
  176  25:51  Refinery  
  140  26:08  Siege Tank  
  136  26:13  Marine x3  
  136  26:24  Siege Tank  
  135  26:38  Marine x5  
  135  26:39  Marine  
  142  26:41  Marine  
  136  26:47  Unknown x3  
Tags
 
Add a new tag
Caveats
  • Supply blocks, unpowered buildings, or Contaminate may cause inaccurate times.
  • Supply counts are checked every 10 seconds.